 Dungeon Crawl Stone Soup version 0.18-a0-1774-gce1f7b6 (webtiles) character file.

49 dohliylev the Sneak (level 3, -7/24 HPs)
             Began as a Vampire Enchanter on Apr 15, 2016.
             Mangled by a gnoll
             ... wielding a +0 flail
              (12 damage)
             ... on level 1 of the Dungeon.
             The game lasted 00:05:46 (1610 turns).

dohliylev the Sneak (Vampire Enchanter)             Turns: 1610, Time: 00:05:47

Health: -7/24      AC:  3    Str:  7    XL:     3   Next: 53%
Magic:  2/6        EV: 13    Int: 17    God:
Gold:   71         SH:  0    Dex: 15    Spells: 3 memorised, 0 levels left

rFire  . . .     SeeInvis +     a - +1 dagger
rCold  . . .     Gourm    .     b - +1 robe
rNeg   + . .     Faith    .     (no shield)
rPois  .         Spirit   .     (no helmet)
rElec  .         Dismiss  .     (no cloak)
rCorr  .         Reflect  .     (no gloves)
SustAt .         Harm     .     (no boots)
MR     .....                    (no amulet)
Stlth  +++.......               (no ring)
                                (no ring)

@: not resistant to hostile enchantments, fairly stealthy
A: fangs 3, see invisible, unbreathing
a: Bat Form


You were on level 1 of the Dungeon.
You were not thirsty.

You visited 1 branch of the dungeon, and saw 2 of its levels.

You collected 71 gold pieces.

Inventory:

Hand Weapons
 a - a +1 dagger (weapon)
Armour
 b - a +1 robe (worn)
Scrolls
 f - a scroll of amnesia {unknown}
 g - 3 scrolls of identify {unknown}
 j - 2 scrolls of remove curse {unknown}
 k - a scroll of fog {unknown}
 l - 2 scrolls of noise {unknown}
Potions
 d - 16 potions of blood
 e - a potion of heal wounds {unknown}
 h - a potion of might {unknown}
 i - a potion of ambrosia {unknown}
 m - a potion of degeneration {unknown}
 n - a potion of lignification {unknown}
Books
 c - a book of Maledictions

   Spells                             Type                      Level
   a - Corona                         Hexes                        1
   b - Ensorcelled Hibernation        Hexes/Ice                    2
   c - Confuse                        Hexes                        3
   d - Tukima's Dance                 Hexes                        3
   e - Dazzling Spray                 Conjuration/Hexes            3


   Skills:
 + Level 0.1 Fighting
 + Level 1.3 Short Blades
 + Level 2.3 Dodging
 * Level 5.7 Stealth
 + Level 2.1 Spellcasting
 + Level 5.1 Hexes
 + Level 0.2 Ice Magic


You couldn't memorise any spells.
You knew the following spells:

 Your Spells              Type           Power        Failure   Level  Hunger
a - Corona                Hex            ###....      2%          1    #......
b - Ensorcelled Hibernat  Hex/Ice        ##....       12%         2    ###....
c - Dazzling Spray        Conj/Hex       ##......     21%         3    ###....


Dungeon Overview and Level Annotations

Branches:
Dungeon (2/15)

Altars:


Innate Abilities, Weirdness & Mutations

You have razor-sharp teeth.
You have supernaturally acute eyesight.
You can survive without breathing.


Message History

The gnoll is moderately wounded.
The gnoll hits you with a flail!
Ouch! That really hurt!
You hit the gnoll but do no damage.
The gnoll is moderately wounded.
You hit the gnoll but do no damage.
The gnoll is moderately wounded.
The gnoll barely misses you.
Casting: Ensorcelled Hibernation
Confirm with . or Enter, or press ? or * to list all spells.
Aiming: Ensorcelled Hibernation
Press: ? - help, Shift-Dir - straight line, f/p - gnoll
Aim: a gnoll, wielding a flail and wearing a marble ring (moderately wounded, chance to defeat MR: 50%)
The gnoll resists with some effort.
The gnoll hits you with a flail!
* * * LOW HITPOINT WARNING * * *
Drink which item? (? for menu, Esc to quit)
Yummy - fresh blood!
The gnoll hits you with a flail!
Ouch! That really hurt!
You die...

####### ############# #.....#
#...........##### #.###.#
#.###...........#
#.#...#####..##...###.###.#
#.#...........#...# #.# #.#
#.#...####........# #.# #.#
#.##..# ##...#..## #.# #.#
#.##..# #..##..# #.###.##
###.....# #...@g[####.##>#.##
.......## ##.##.......#.###.##
#####..# ##+#########.## ##.#
#..# ##...## ##.###.## #..#
##.....## ###.#.## #..#
##.......## ##.##.##
#.####.........####...#.#####
#....'.........'.............
#####.####.........####...#.#####


You could see a gnoll.

Vanquished Creatures
  2 worms (D:2)
  A dart slug (D:1)
  2 giant geckos (D:1)
  2 giant cockroaches (D:1)
  7 goblins
  4 hobgoblins
  3 jackals (D:1)
  6 kobolds
  2 bats
  4 giant newts
  2 rats (D:2)
35 creatures vanquished.

Notes
Turn   | Place    | Note
--------------------------------------------------------------
     0 | D:1      | dohliylev the Vampire Enchanter began the quest for the Orb.
     0 | D:1      | Reached XP level 1. HP: 13/13 MP: 3/3
   127 | D:1      | Reached XP level 2. HP: 19/19 MP: 5/5
   134 | D:1      | Learned a level 2 spell: Ensorcelled Hibernation
   435 | D:1      | Reached skill level 5 in Stealth
   511 | D:1      | Reached skill level 5 in Hexes
   801 | D:1      | Reached XP level 3. HP: 21/24 MP: 3/6
  1266 | D:2      | Learned a level 3 spell: Dazzling Spray
  1610 | D:1      | Mangled by a gnoll

Vault maps used:
D:1:      saegor_arrival_simple_b
D:2:      first_bread

Skill      XL: |  1  2 |
---------------+-------+-----
Stealth        | 5 |  5.7
Hexes          | 5 |  5.1
Fighting       | |  0.1
Short Blades   | |  1.3
Dodging        | |  2.3
Spellcasting   | |  2.1
Ice Magic      | |  0.2

Action                   || total
-------------------------++-------
Melee: Dagger            ||   102
       Bite              ||     8
 Cast: Ensorcelled Hiber ||    25
       Dazzling Spray    ||     2
       Corona            ||     1
  Use: Potion            ||     1
 Stab: Sleeping          ||    20
  Eat: Corpse            ||     2
Armor: Robe              ||    18
Dodge: Dodged            ||    65
